Map: Acropolis LE

Players

Parkkatz - Winner!

  • Race: Zerg Zerg
  • League: Platinum
  • Spawn Location: 11:00

HoboMcGavs

  • Race: Protoss Protoss
  • League: Diamond
  • Spawn Location: 5:00

VOD

Have the link to the VOD?

Description

Time

  • Played on: July 5, 2019, 8:37 p.m.
  • Length: 13:41
Show
View Real Time Build Order
Export as new Build Order

Parkkatz Zerg - Winner!

Build Orders: Pool First 

Get SALT Encoding   

  12  0:02  Drone  
  13  0:16  Overlord  
  13  0:17  Drone  
  14  0:34  Drone x2  
  16  0:38  Drone  
  17  0:50  Drone  
  17  0:52  Spawning Pool  
  17  1:09  Extractor  
  16  1:11  Drone  
  16  1:12  Drone  
  18  1:22  Drone  
  19  1:36  Overlord  
  19  1:40  Queen  
  19  1:43  Zergling x2  
  22  1:54  Zergling x2  
  23  2:10  Hatchery  
  22  2:16  Queen  
  22  2:22  Drone x2  
  26  2:24  Hatchery  
  25  2:40  Metabolic Boost  
  24  3:08  Lair  
  24  3:18  Overlord  
  24  3:21  Overlord  
  24  3:23  Queen  
  24  3:25  Drone  
  24  3:26  Drone x4  
  31  3:34  Overlord  
  31  3:41  Zergling x2  
  31  3:42  Drone x2, Zergling x2  
  31  3:43  Drone  
  36  3:53  Drone, Roach Warren  
  36  4:01  Queen  
  38  4:07  Zergling x4  
  38  4:09  Drone  
  41  4:22  Drone x3  
  41  4:23  Drone x3  
  47  4:25  Extractor  
  47  4:27  Extractor  
  45  4:35  Drone x2  
  45  4:36  Drone x2  
  49  4:41  Overlord  
  49  4:43  Drone x2  
  49  4:44  Drone  
  52  4:47  Drone  
  52  4:48  Drone  
  52  4:50  Drone  
  52  4:52  Glial Reconstitution  
  54  5:06  Drone x2  
  55  5:08  Evolution Chamber  
  55  5:12  Queen  
  56  5:14  Queen  
  56  5:17  Roach x2  
  56  5:18  Roach  
  56  5:19  Roach  
  66  5:27  Overlord  
  66  5:28  Overlord  
  66  5:32  Drone x4  
  66  5:33  Roach  
  72  5:38  Zerg Missile Weapons Level 1  
  72  5:39  Roach  
  74  5:45  Baneling Nest  
  73  5:53  Spore Crawler  
  73  5:55  Spore Crawler  
  73  5:56  Drone x2  
  73  5:57  Drone x4  
  75  5:58  Drone  
  75  6:03  Roach x2  
  82  6:12  Drone x4  
  82  6:13  Overlord  
  82  6:16  Overlord  
  86  6:30  Roach x2  
  86  6:31  Roach x3  
  86  6:32  Roach  
  99  6:40  Drone x2, Overlord x3  
  100  6:48  Extractor  
  100  6:50  Drone x2  
  100  6:51  Evolution Chamber  
  100  6:55  Extractor  
  100  6:58  Extractor  
  98  7:03  Drone x2  
  98  7:04  Drone x4  
  98  7:07  Zergling x4  
  98  7:08  Zergling x6  
  99  7:22  Drone  
  99  7:23  Drone x4  
  95  7:37  Drone x3  
  88  7:53  Spore Crawler  
  88  7:56  Zerg Missile Weapons Level 2  
  88  7:57  Zerg Ground Armor Level 1  
  74  8:00  Roach x2  
  74  8:01  Roach x8  
  87  8:08  Overseer  
  87  8:09  Overseer  
  87  8:10  Pneumatized Carapace  
  80  8:16  Spore Crawler  
  80  8:18  Overseer x2  
  77  8:21  Roach x4  
  77  8:22  Roach x2  
  89  8:32  Queen  
  89  8:33  Drone  
  89  8:34  Drone x5  
  97  8:49  Drone x5  
  102  8:57  Ravager x5  
  102  8:58  Ravager  
  108  9:19  Hatchery  
  107  9:24  Overseer  
  69  10:10  Hydralisk Den  
  69  10:11  Roach x5  
  69  10:12  Roach x18  
  114  10:19  Spire  
  113  10:21  Infestation Pit  
  113  10:23  Zerg Ground Armor Level 2  
  113  10:24  Zerg Melee Weapons Level 1  
  112  10:35  Drone x6  
  117  10:36  Drone x5  
  117  10:37  Drone x2  
  125  10:45  Overlord x3  
  97  11:15  Hydralisk  
  97  11:16  Hydralisk x17  
  129  11:19  Muscular Augments  
  129  11:20  Roach  
  129  11:21  Roach  
  131  11:27  Hive  
  131  11:30  Spore Crawler  
  131  11:32  Drone x2  
  132  11:33  Spore Crawler, Drone  
  132  11:45  Drone x2, Extractor  
  132  11:46  Drone x4  
  132  11:47  Drone, Extractor  
  137  11:54  Roach  
  137  11:55  Roach x4  
  147  12:03  Drone x2  
  147  12:04  Drone  
  150  12:23  Roach  
  150  12:24  Roach x4  
  160  12:40  Overlord x3  
  160  12:57  Queen  
Show
View Real Time Build Order
Export as new Build Order

HoboMcGavs Protoss 

Build Orders:  

Get SALT Encoding   

  12  0:01  Probe  
  13  0:12  Probe  
  14  0:20  Probe  
  14  0:21  Pylon  
  15  0:37  Probe  
  15  0:41  Gateway  
  16  0:47  Assimilator  
  16  0:49  Probe  
  17  1:01  Probe  
  18  1:12  Probe  
  19  1:20  Probe, Pylon  
  19  1:23  Gateway  
  20  1:30  Probe  
  21  1:33  Zealot  
  23  1:40  Pylon  
  23  1:54  Cybernetics Core  
  23  2:01  Pylon  
  23  2:08  Probe  
  24  2:16  Probe  
  24  2:17  Assimilator  
  25  2:26  Probe  
  26  2:32  Stalker  
  28  2:43  Nexus  
  28  2:54  Shield Battery  
  28  2:57  Adept  
  30  3:05  Shield Battery  
  30  3:22  Probe  
  30  3:26  Pylon  
  31  3:34  Probe  
  32  3:46  Probe  
  33  3:51  Warp Gate  
  33  4:00  Adept  
  34  4:11  Gateway  
  34  4:12  Gateway  
  34  4:14  Gateway  
  34  4:16  Twilight Council  
  34  4:18  Robotics Facility  
  34  4:20  Probe  
  35  4:33  Adept x2  
  35  4:46  Resonating Glaives  
  35  4:49  Probe x2  
  37  4:56  Pylon  
  37  5:01  Probe x2  
  37  5:04  Warp Prism  
  39  5:09  Dark Shrine  
  41  5:15  Probe  
  42  5:30  Pylon  
  42  5:33  Gateway  
  42  5:35  Pylon  
  42  5:38  Observer  
  42  5:39  Forge  
  43  6:01  Probe, Pylon  
  43  6:02  Probe  
  45  6:07  Assimilator  
  45  6:09  Assimilator  
  45  6:14  Probe x2  
  47  6:18  Protoss Ground Weapons Level 1  
  47  6:22  Dark Templar x2  
  51  6:26  Probe x2  
  51  6:27  Dark Templar  
  55  6:38  Probe x2  
  57  6:45  Pylon  
  57  6:49  Adept  
  57  6:50  Probe x2, Sentry  
  63  7:02  Probe x2  
  61  7:35  Adept x3  
  67  7:43  Dark Templar x3  
  65  7:58  Zealot x3  
  59  8:04  Immortal  
  59  8:22  Zealot  
  59  8:23  Zealot x2, Adept  
  59  8:24  Adept x2  
  69  8:43  Immortal  
  69  8:44  Pylon  
  69  8:45  Pylon  
  69  8:46  Pylon  
  73  8:51  Protoss Ground Armor Level 1  
  73  8:55  Stalker  
  73  8:56  Stalker x4  
  83  9:11  Nexus  
  83  9:13  Pylon  
  83  9:19  Zealot  
  89  9:24  Immortal  
  89  9:33  Robotics Bay  
  89  9:43  Zealot x4  
  89  9:44  Zealot x2  
  84  10:03  Immortal  
  88  10:17  Nexus  
  88  10:20  Pylon  
  88  10:22  Pylon  
  80  10:43  Zealot  
  80  10:44  Zealot x5  
  70  11:07  Zealot  
  70  11:08  Zealot x5  
  64  11:19  Immortal  
  58  11:31  Stalker x3  
  58  11:32  Stalker x3  
  70  11:54  Dark Templar x2  
  70  11:55  Dark Templar x2  
  70  11:58  Immortal, Archon  
  70  11:59  Archon  
  82  12:01  Zealot x2  
  85  12:22  Zealot  
  85  12:23  Zealot  
  85  12:28  Zealot x4  
  97  12:37  Immortal  
  97  12:39  Robotics Bay  
  97  12:43  Shield Battery, Adept x2  
  105  12:48  Adept x4  
  113  13:03  Probe x2  
  115  13:10  Pylon  
  115  13:12  Adept x4  
  114  13:13  Adept  
  114  13:15  Probe  
  101  13:23  Zealot  
Tags
 
Matchup
PvZ
Opening
Pool First
Replay Pack
SC2 replays
Spawn Locations
Cross Positions
Add a new tag
Caveats
  • Supply blocks, unpowered buildings, or Contaminate may cause inaccurate times.
  • Supply counts are checked every 10 seconds.